 Dungeon Crawl Stone Soup version 0.17-a0-1632-g0af21bd (webtiles) character file.

53 maniek23 the Skirmisher (level 3, 0/29 HPs)
             Began as a Demonspawn Abyssal Knight on Aug 3, 2015.
             Was a Follower of Lugonu.
             Slain by a bat (1 damage)
             ... on level 2 of the Dungeon.
             The game lasted 00:04:14 (1612 turns).

maniek23 the Skirmisher (Demonspawn Abyssal Knight) Turns: 1612, Time: 00:04:14

Health: 0/29       AC:  6    Str: 13    XL:     3   Next: 64%
Magic:  5/5        EV: 11    Int: 13    God:    Lugonu [*.....]
Gold:   40         SH:  0    Dex: 12    Spells: 0 memorised, 2 levels left

rFire  . . .     SeeInvis .     f - -1 dagger (curse)
rCold  . . .     Clarity  .     b - +0 leather armour
rNeg   . . .     SustAt   .     (no shield)
rPois  .         Gourm    .     (no helmet)
rElec  .         Spirit   .     (no cloak)
rCorr  .         Warding  .     (no gloves)
rMut   .         Stasis   .     (no boots)
MR     .....                    (no amulet)
Stlth  +.........               (no ring)
                                j - ring of wizardry

@: not resistant to hostile enchantments, very unstealthy
A: yellow scales 2
a: Depart the Abyss, Renounce Religion


You were on level 2 of the Dungeon.
You worshipped Lugonu.
Lugonu was aware of your devotion.
You were hungry.

You visited 1 branch of the dungeon, and saw 2 of its levels.
You visited the Abyss 1 time.

You collected 40 gold pieces.

Inventory:

Hand weapons
 a - a +1 falchion
 f - a cursed -1 dagger (weapon)
Armour
 b - a +0 leather armour (worn)
Jewellery
 j - a ring of wizardry (left hand)
 k - a -4 ring of strength
Scrolls
 e - a scroll of recharging {unknown}
 g - a scroll of identify
 h - a scroll of enchant armour {unknown}
 i - 2 scrolls of noise
Potions
 d - a potion of brilliance {unknown}
 l - a potion of degeneration {unknown}
Comestibles
 c - 2 bread rations


   Skills:
 + Level 3.6 Fighting
 + Level 2.0 Long Blades
 + Level 2.2 Armour
 + Level 1.1 Dodging
 + Level 3.4 Invocations


You had 2 spell levels left.
You didn't know any spells.

Dungeon Overview and Level Annotations

Branches:
Dungeon (2/15)

Altars:


Innate Abilities, Weirdness & Mutations

You are mostly covered in yellow scales (AC +3).


Message History

You hit the quokka but do no damage.
The quokka is severely wounded.
The bat hits you but does no damage. The quokka barely misses you.
The bat hits you but does no damage.
You hit the quokka but do no damage.
The quokka is severely wounded.
The bat barely misses you. The bat misses you.
The quokka bites you but does no damage.
You closely miss the quokka.
The quokka is severely wounded.
The bat closely misses you. The quokka bites you.
* * * LOW HITPOINT WARNING * * *
You hit the quokka.
The quokka is almost dead.
The bat closely misses you. The bat misses you. The quokka closely misses you.
You hit the quokka.
You kill the quokka!
Lugonu accepts your kill. The bat hits you.
You die...

*,,,,,,* *,,,,,,,* *,
*,,,,,,* #####.....,,* *,
*,....)* #.........,,* *,
*,.....* #....#....,** *,
*,.....####.........,** **,
*,..................,,* *,,
*,,.....#.............* *.#
*,,.......†...........*##.*
****#.*#.b@."........##...#
#.##................##.
#..........#.........#.
###..#....##........>..
#.).[#..##.....##....
##...###[..(.....#.##.
#.....)##..........#..
****#...##................
**,,*#.#.####...........#..


You could see a bat.

Vanquished Creatures
  2 adders (D:2)
  An ooze (D:2)
  3 giant geckos
  2 bats (D:1)
  2 giant cockroaches (D:2)
  4 hobgoblins
  A quokka (D:2)
  5 giant newts
  2 goblins
  A kobold (D:1)
  6 rats
29 creatures vanquished.

Vanquished Creatures (others)
  3 starspawn tentacles (Abyss:1)
  110 starspawn tentacle segments (Abyss:1)
113 creatures vanquished.

Grand Total: 142 creatures vanquished

Notes
Turn   | Place    | Note
--------------------------------------------------------------
     0 | Abyss:1  | maniek23 the Demonspawn Abyssal Knight began the quest for the Orb.
     0 | Abyss:1  | Reached XP level 1. HP: 18/18 MP: 2/2
    68 | Abyss:1  | Noticed an ancient zyme
    89 | Abyss:1  | Noticed a tentacled starspawn
    91 | Abyss:1  | Noticed a neqoxec
   120 | Abyss:1  | Noticed an Executioner
   120 | D:1      | Escaped the Abyss
   657 | D:1      | Reached skill level 1 in Dodging
   856 | D:1      | Gained mutation: You are partially covered in yellow scales (AC +2). [demonic ancestry]
   856 | D:1      | Reached XP level 2. HP: 24/24 MP: 3/3
   939 | D:1      | Acquired Lugonu's first power
  1388 | D:2      | Gained mutation: You are mostly covered in yellow scales (AC +3). [demonic ancestry]
  1388 | D:2      | Reached XP level 3. HP: 20/29 MP: 5/5
  1606 | D:2      | HP: 1/29 [quokka (5)]
  1612 | D:2      | Slain by a bat

Vault maps used:
D:1:      shiori_shiawase
D:2:      lemuel_upstairs_altar, first_bread
Abyss:1:  minivault_5

Action                   || total
-------------------------++-------
Melee: Falchion          ||    94
       Dagger            ||    16
Invok: Depart the Abyss  ||     1
  Use: Scroll            ||     4
  Eat: Chunk             ||     2
